[Event "Wednesday Jan 24 Engine Tour 15 Rd Swiss 12m+1s Starts at 1600hrs ST"]
[Site "Infinity Chess"]
[Date "2018.1.24"]
[Round "2"]
[White "incredible"]
[Black "hafaba"]
[Result "1-0"]
[ECO "B00"]
[WhiteElo "2449"]
[BlackElo "2441"]
[WhiteEngine "Stockfish_x64_bmi2"]
[BlackEngine "Stockfish SL FA POPCNT_CTG"]
[EventType "Swiss"]
[WhiteTeam ""]
[BlackTeam ""]
[PlyCount "117"]
[TimeControl "720+1"]

1. e4 Nc6 2. d4 d5 3. exd5 Qxd5 4. Nf3 e5 5. Nc3 Bb4 6. Bd2 Bxc3 7. Bxc3 e4 
8. Ne5 Nxe5 9. dxe5 Ne7 10. Qe2 Bd7 11. Rd1 Qc6 12. Rd4 Bf5 13. Qc4 O-O 
14. Qxc6 Nxc6 15. Rd2 a6 16. Bc4 Rfd8 17. e6 Bxe6 18. Bxe6 fxe6 19. Re2 Rd7 
20. Rxe4 Rad8 21. Ke2 Nd4+ 22. Bxd4 Rxd4 23. Rxd4 Rxd4 24. Rd1 Rxd1 25. Kxd1 Kf7 
26. Kd2 Kf6 27. b3 g6 28. Ke3 Ke5 29. g4 g5 30. b4 Kd5 31. f4 h6 32. Kf3 c5 
33. bxc5 Kxc5 34. Ke4 Kd6 35. f5 b5 36. c3 Ke7 37. Ke5 exf5 38. Kxf5 Kf7 
39. Ke5 Ke7 40. h3 Kd7 41. Kf6 Kd6 42. Kg7 Kc5 43. Kxh6 Kd5 44. Kxg5 Ke4 
45. h4 Ke5 46. h5 Ke4 47. h6 b4 48. cxb4 Kd5 49. h7 Ke4 50. h8=Q Kd3 51. Qb2 Kc4 
52. a4 Kd5 53. Qc3 Ke4 54. a5 Kd5 55. Kf5 Kd6 56. Qc5+ Kd7 57. Kf6 Kd8 
58. Ke6 Ke8 59. Qe7# 1-0

[Event "Wednesday Jan 24 Engine Tour 15 Rd Swiss 12m+1s Starts at 1600hrs ST"]
[Site "Infinity Chess"]
[Date "2018.1.24"]
[Round "2"]
[White "SkyPilot"]
[Black "Marsell"]
[Result "1/2-1/2"]
[ECO "D30"]
[WhiteElo "2486"]
[BlackElo "2485"]
[WhiteEngine "stockfish_x64_bmi2_2018_01_13_CTG"]
[BlackEngine "asmFishW_2018-01-11_popcnt"]
[EventType "Swiss"]
[WhiteTeam ""]
[BlackTeam ""]
[PlyCount "62"]
[TimeControl "720+1"]

1. d4 d5 2. c4 e6 3. Nf3 Nf6 4. Nc3 c6 5. e3 Nbd7 6. Qc2 Bd6 7. Bd3 dxc4 
8. Bxc4 O-O 9. O-O a6 10. Rd1 b5 11. Bd3 Bb7 12. Ng5 h6 13. Nge4 Be7 14. a3 a5 
15. b3 Nxe4 16. Bxe4 Nf6 17. Bd3 Bd6 18. Bb2 Qe7 19. a4 Rfc8 20. Rac1 b4 
21. Ne4 Nxe4 22. Bxe4 c5 23. d5 f5 24. Bf3 Rf8 25. Rd2 Qg5 26. Re1 Rad8 
27. h3 Kh8 28. Kh1 Qh4 29. Kg1 Qg5 30. Kh1 Qh4 31. Kg1 Qg5 1/2-1/2

[Event "Wednesday Jan 24 Engine Tour 15 Rd Swiss 12m+1s Starts at 1600hrs ST"]
[Site "Infinity Chess"]
[Date "2018.1.24"]
[Round "2"]
[White "miguello"]
[Black "RonWeasley"]
[Result "1/2-1/2"]
[ECO "E20"]
[WhiteElo "2375"]
[BlackElo "2498"]
[WhiteEngine "stockfish_18012314_x64_modern_CTG"]
[BlackEngine "BrainFish 130117_CTG"]
[EventType "Swiss"]
[WhiteTeam ""]
[BlackTeam ""]
[PlyCount "270"]
[TimeControl "720+1"]

1. d4 Nf6 2. c4 e6 3. Nc3 d5 4. Nf3 c6 5. e3 Nbd7 6. Bd3 dxc4 7. Bxc4 b5 
8. Bd3 a6 9. e4 c5 10. d5 Qc7 11. dxe6 fxe6 12. O-O Bb7 13. Bc2 Bd6 14. Ng5 Nf8 
15. f4 h6 16. e5 O-O-O 17. Nf7 Qxf7 18. exd6 Qd7 19. Re1 Kb8 20. b3 Qxd6 
21. Qxd6+ Rxd6 22. f5 Ka7 23. Bf4 Rd4 24. Ne2 Rd7 25. Be3 Rc7 26. Bf4 Rc6 
27. Ng3 exf5 28. Nxf5 Ne6 29. Be5 Ka8 30. Rad1 Nd4 31. Nxd4 cxd4 32. Bb1 Re8 
33. Bxd4 Rce6 34. Rxe6 Rxe6 35. Bc3 Bc6 36. Bf5 Re2 37. Rd2 Rxd2 38. Bxd2 Nd5 
39. Bc1 Be8 40. Be4 Bf7 41. Bb2 g6 42. a3 Kb7 43. b4 Kc7 44. Kf2 Kd6 45. Bd4 Be8 
46. g3 Ne7 47. Bc5+ Ke5 48. Bb7 Nc6 49. Ke3 a5 50. bxa5 Nxa5 51. Bf3 h5 
52. Kd3 Nc6 53. Kc3 Ke6 54. Be4 g5 55. Be3 Ke5 56. Bf3 Ne7 57. Bxg5 Nd5+ 
58. Kd3 Bg6+ 59. Ke2 b4 60. axb4 Nxb4 61. Bc1 Ke6 62. Ke3 Nd3 63. Bd2 Ne5 
64. Be2 Ng4+ 65. Bxg4+ hxg4 66. Kf4 Bf5 67. Bc3 Bd3 68. Kxg4 Be2+ 69. Kg5 Bd1 
70. h3 Be2 71. Kg6 Bf1 72. h4 Bd3+ 73. Kg5 Bc4 74. Kg6 Bd3+ 75. Kg5 Bb5 
76. g4 Be2 77. Bd4 Kf7 78. h5 Bd1 79. Bc3 Be2 80. Bd4 Bd1 81. Kh4 Be2 
82. Be5 Bd1 83. Bd4 Bc2 84. Bc5 Kg7 85. Kh3 Ba4 86. Bd4+ Kh6 87. Bb2 Bb5 
88. Kh4 Bd3 89. Kg3 Kg5 90. Bd4 Bc2 91. Be5 Bb1 92. Bb2 Be4 93. Bc1+ Kf6 
94. Bd2 Bb1 95. Bf4 Bc2 96. Bd2 Kg7 97. Kf3 Bd1+ 98. Kf4 Bc2 99. Kg5 Bd3 
100. Kf4 Kf7 101. Kg3 Bb1 102. Kh4 Be4 103. Bc3 Bc2 104. Bd4 Be4 105. Be5 Bc2 
106. Ba1 Bd3 107. Bd4 Be4 108. Bc3 Bd3 109. Ba1 Be2 110. Kh3 Bf3 111. Bc3 Be4 
112. Kg3 Bd5 113. Bb4 Kg7 114. Kf2 Bb3 115. Kf3 Bc4 116. Kf2 Bd5 117. Kg3 Bc4 
118. Bd6 Be2 119. Kh3 Bd3 120. Bc5 Kh7 121. Be7 Kg7 122. Kg3 Kf7 123. Bd8 Kg7 
124. Bc7 Kf7 125. g5 Bc2 126. Bd6 Bd3 127. Be5 Bc2 128. Kg4 Bd1+ 129. Kh4 Bc2 
130. Bd6 Kg7 131. Bc7 Kf7 132. Bd6 Kg7 133. Be5+ Kf7 134. Bg3 Ba4 135. Be1 Bc2 
1/2-1/2

[Event "Wednesday Jan 24 Engine Tour 15 Rd Swiss 12m+1s Starts at 1600hrs ST"]
[Site "Infinity Chess"]
[Date "2018.1.24"]
[Round "1"]
[White "angriff"]
[Black "Satria_Ungu"]
[Result "1/2-1/2"]
[ECO "D31"]
[WhiteElo "2432"]
[BlackElo "2390"]
[WhiteEngine "Stockfish SL FA POPCNT_CTG"]
[BlackEngine "Houdini 6"]
[EventType "Swiss"]
[WhiteTeam ""]
[BlackTeam ""]
[PlyCount "140"]
[TimeControl "720+1"]

1. d4 d5 2. c4 e6 3. Nc3 c6 4. e4 dxe4 5. Nxe4 Bb4+ 6. Bd2 Qxd4 7. Bxb4 Qxe4+ 
8. Be2 Na6 9. Ba5 b6 10. Qd6 Bd7 11. Bc3 f6 12. O-O-O O-O-O 13. Qa3 Kb7 
14. Bf3 Qf4+ 15. Rd2 Qc7 16. Ne2 e5 17. Rhd1 Nh6 18. Ng3 Nf7 19. b4 f5 
20. b5 Nb8 21. Nh5 Bc8 22. bxc6+ Nxc6 23. Bd5 Rxd5 24. Rxd5 f4 25. Nxg7 h5 
26. c5 Qe7 27. Qa4 Rh7 28. cxb6 a6 29. Ra5 Rxg7 30. Rxa6 Qc5 31. Kb2 Rxg2 
32. Ra7+ Kxb6 33. Rxf7 Rxf2+ 34. Rd2 Rxd2+ 35. Bxd2 Qd5 36. Qb3+ Kc5 
37. Qxd5+ Kxd5 38. a4 Nd4 39. Rf8 Ba6 40. Rf6 Be2 41. Kc3 Nc6 42. Be1 Bd1 
43. Rh6 Bxa4 44. Rxh5 Ke4 45. Bf2 Bd1 46. Rh8 Ne7 47. Bc5 Nf5 48. Kd2 Bb3 
49. Ke1 Bd5 50. Kf2 Kd3 51. Rh5 Ke4 52. Ba7 Bf7 53. Rh8 Nd6 54. Rf8 Bh5 
55. Bc5 Nc4 56. h4 Nb2 57. Kg1 Nd3 58. Bb6 Kf3 59. Rf5 Kg4 60. Rg5+ Kxh4 
61. Bd8 Bf3 62. Rg8+ Kh5 63. Rg7 e4 64. Rg5+ Kh6 65. Rd5 Be2 66. Rd6+ Kh5 
67. Re6 e3 68. Rxe3 f3 69. Rxd3 Bxd3 70. Kf2 Kg4 1/2-1/2

[Event "Wednesday Jan 24 Engine Tour 15 Rd Swiss 12m+1s Starts at 1600hrs ST"]
[Site "Infinity Chess"]
[Date "2018.1.24"]
[Round "1"]
[White "BraveDevil"]
[Black "MarioDeMonti"]
[Result "1/2-1/2"]
[ECO "C24"]
[WhiteElo "2390"]
[BlackElo "2440"]
[WhiteEngine "Cryptic AIL V2"]
[BlackEngine "stockfish_x64_bmi2_2018_01_13_CTG"]
[EventType "Swiss"]
[WhiteTeam ""]
[BlackTeam ""]
[PlyCount "89"]
[TimeControl "720+1"]

1. e4 e5 2. Bc4 Nf6 3. d3 Nc6 4. Nf3 Bc5 5. c3 d6 6. O-O O-O 7. a4 a5 8. Bg5 h6 
9. Bh4 g5 10. Bg3 Kg7 11. Nbd2 Ba7 12. Rc1 Ne7 13. h3 Ng6 14. d4 Nh5 
15. Bh2 Nhf4 16. dxe5 dxe5 17. Bxf4 Nxf4 18. Nxe5 h5 19. Nef3 g4 20. Nd4 Qg5 
21. h4 Qxh4 22. g3 Nh3+ 23. Kg2 Qf6 24. f3 Bxd4 25. cxd4 Qxd4 26. Rc3 f5 
27. Be2 c6 28. Rd3 Qb4 29. Rb3 Qd4 30. Rd3 Qc5 31. Rc3 Qd6 32. exf5 Rxf5 
33. Rd3 Qe7 34. fxg4 Rxf1 35. Nxf1 Ng5 36. Rd8 Qe4+ 37. Kg1 hxg4 38. Qd2 Qe5 
39. Qe3 Qxe3+ 40. Nxe3 Ne6 41. Re8 Kf7 42. Rh8 Kg7 43. Re8 Kf7 44. Rh8 Kg7 
45. Re8 1/2-1/2

[Event "Wednesday Jan 24 Engine Tour 15 Rd Swiss 12m+1s Starts at 1600hrs ST"]
[Site "Infinity Chess"]
[Date "2018.1.24"]
[Round "1"]
[White "hafaba"]
[Black "star99"]
[Result "1/2-1/2 "]
[ECO "D30"]
[WhiteElo "2442"]
[BlackElo "2419"]
[WhiteEngine "Stockfish SL FA POPCNT_CTG"]
[BlackEngine "Cryptic AIL V2"]
[EventType "Swiss"]
[WhiteTeam ""]
[BlackTeam ""]
[PlyCount "141"]
[TimeControl "720+1"]

1. d4 d5 2. c4 e6 3. Nf3 Nf6 4. Nc3 c6 5. e3 Nbd7 6. Qc2 Bd6 7. Bd3 O-O 
8. O-O dxc4 9. Bxc4 a6 10. a4 c5 11. dxc5 Bxc5 12. Ne4 Be7 13. Nxf6+ Nxf6 
14. b3 Bd7 15. Ne5 Qc7 16. Nxd7 Nxd7 17. Qb1 Rac8 18. Ra2 Nf6 19. Bd3 g6 
20. Rc2 Qb6 21. Rd1 Rcd8 22. g3 Rd5 23. Be2 Rxd1+ 24. Bxd1 Rd8 25. Rd2 Rxd2 
26. Bxd2 Nd7 27. Qc2 Qc5 28. Kg2 f5 29. e4 Qxc2 30. Bxc2 Kg7 31. f4 Kf7 
32. e5 Nb6 33. Bd1 Nd5 34. Bf3 h6 35. h4 Bc5 36. h5 b6 37. hxg6+ Kxg6 38. Be2 a5 
39. Kf3 Kf7 40. Be1 Kf8 41. Bf2 Bxf2 42. Kxf2 Ke8 43. Ke1 Kd7 44. Bb5+ Kc7 
45. Kd2 Nb4 46. Kc3 Nc6 47. Bc4 Kd7 48. Be2 Ne7 49. Bb5+ Kc7 50. Bf1 Nd5+ 
51. Kd4 Ne7 52. Bc4 Nc6+ 53. Kc3 Kd7 54. Bb5 Kc7 55. Kd3 Ne7 56. Ke2 Nd5 
57. Kd3 Kc8 58. Bc4 Kd7 59. Bb5+ Kc8 60. Kd4 Ne7 61. Ba6+ Kc7 62. Kc4 Nd5 
63. Kd4 Kd7 64. Bb5+ Ke7 65. Be2 Kd7 66. Bh5 Nb4 67. Bf3 Nc6+ 68. Ke3 Kc7 
69. Bh5 Ne7 70. Bf3 Kd7 71. Kd3 1/2-1/2

[Event "Wednesday Jan 24 Engine Tour 15 Rd Swiss 12m+1s Starts at 1600hrs ST"]
[Site "Infinity Chess"]
[Date "2018.1.24"]
[Round "1"]
[White "Thinker"]
[Black "incredible"]
[Result "1/2-1/2"]
[ECO "C50"]
[WhiteElo "2422"]
[BlackElo "2450"]
[WhiteEngine "BrainFish_180113_x64_modern_CTG"]
[BlackEngine "Stockfish_x64_bmi2"]
[EventType "Swiss"]
[WhiteTeam ""]
[BlackTeam ""]
[PlyCount "157"]
[TimeControl "720+1"]

1. e4 e5 2. Nf3 Nc6 3. Bc4 Bc5 4. O-O d6 5. c3 Nf6 6. d3 O-O 7. Bg5 a5 8. h3 h6 
9. Bh4 g5 10. Bg3 Nh5 11. d4 Nxg3 12. fxg3 Bb6 13. Kh2 g4 14. Nh4 exd4 
15. cxd4 Qg5 16. Nf5 gxh3 17. Rf4 Kh8 18. Nd2 Bxf5 19. exf5 Rae8 20. Nf3 Qf6 
21. Qd2 Re7 22. Rh4 Kg7 23. Rg4+ Kh8 24. Re1 Rg8 25. Rh4 Kg7 26. Rxe7 Nxe7 
27. gxh3 Kf8 28. Bd3 h5 29. Rxh5 Nc6 30. h4 Nxd4 31. Ng5 Qe5 32. Qf4 Qxf4 
33. gxf4 f6 34. Kh3 d5 35. Rh6 fxg5 36. hxg5 Nc6 37. f6 Nd8 38. Bg6 Ne6 
39. Kg4 Be3 40. Bh7 Rh8 41. Be4 Rxh6 42. gxh6 Nd8 43. h7 Nf7 44. Bxd5 Bd4 
45. Kf5 Nh8 46. Bxb7 Bxb2 47. Bf3 Kf7 48. Bh5+ Kf8 49. Bd1 c6 50. Bf3 Kf7 
51. Bh5+ Kf8 52. a4 Bc3 53. Bd1 Bd4 54. Bb3 Bc3 55. Ke6 Bd4 56. Ba2 Ba7 
57. Ke5 Be3 58. Kd6 Bxf4+ 59. Kxc6 Be5 60. Kb6 Ng6 61. Bb1 Nh8 62. Kxa5 Bxf6 
63. Ba2 Ng6 64. Ka6 Nf4 65. Kb5 Kg7 66. Bb1 Ne2 67. Kb4 Nd4 68. Bd3 Be7+ 
69. Kc4 Nc2 70. Bxc2 Bd8 71. Kb5 Bc7 72. Bf5 Kh8 73. Kc6 Ba5 74. Kd5 Be1 
75. Ke5 Bd2 76. Kf6 Be1 77. Ke6 Bd2 78. Bd3 Kg7 79. Kd7 1/2-1/2

[Event "Wednesday Jan 24 Engine Tour 15 Rd Swiss 12m+1s Starts at 1600hrs ST"]
[Site "Infinity Chess"]
[Date "2018.1.24"]
[Round "1"]
[White "Marsell"]
[Black "KULLANI"]
[Result "1/2-1/2"]
[ECO "C53"]
[WhiteElo "2488"]
[BlackElo "2424"]
[WhiteEngine "asmFishW_2018-01-11_popcnt"]
[BlackEngine "BrainFish_180113_x64_CTG"]
[EventType "Swiss"]
[WhiteTeam ""]
[BlackTeam ""]
[PlyCount "222"]
[TimeControl "720+1"]

1. e4 e5 2. Nf3 Nc6 3. Bc4 Bc5 4. c3 Nf6 5. d3 O-O 6. O-O d5 7. exd5 Nxd5 
8. a4 a6 9. Nbd2 Kh8 10. Ne4 Be7 11. Ng3 f5 12. Re1 f4 13. Ne4 Bf5 14. a5 Nf6 
15. Neg5 Nd5 16. Qb3 Bxg5 17. Bxd5 Bf6 18. d4 exd4 19. Bxc6 bxc6 20. cxd4 Qd6 
21. h3 Bg6 22. Qc3 Rad8 23. b4 Bxd4 24. Nxd4 Qxd4 25. Bb2 Qxc3 26. Bxc3 Rd3 
27. Be5 Kg8 28. Bxc7 Rd7 29. Bb6 Re8 30. Red1 Ree7 31. Rac1 Be8 32. Kh2 Re5 
33. h4 h6 34. Bc5 g5 35. Bd6 Rd5 36. Rxd5 cxd5 37. Bc5 Rb7 38. Re1 Kf7 
39. Re5 d4 40. Rd5 Rd7 41. Rxd4 Rxd4 42. Bxd4 Kg6 43. g3 fxg3+ 44. fxg3 Kf5 
45. Kg2 gxh4 46. gxh4 Ke4 47. Bg7 h5 48. Kf2 Bb5 49. Bf8 Kf4 50. Bh6+ Ke4 
51. Kg3 Be2 52. Bf8 Bd3 53. Bg7 Be2 54. Bf8 Bc4 55. Bc5 Bf1 56. Bf8 Bd3 
57. Bh6 Bb1 58. Kf2 Ba2 59. Ke2 Bc4+ 60. Kd2 Kd5 61. Bf8 Bb5 62. Bc5 Kc6 
63. Bg1 Bf1 64. Be3 Kb5 65. Bc5 Bg2 66. Kc3 Bf3 67. Kc2 Bd5 68. Kc3 Bf3 
69. Bg1 Bd1 70. Bb6 Bf3 71. Bg1 Bd1 72. Bf2 Bf3 73. Bb6 Bd1 74. Be3 Bg4 
75. Ba7 Be6 76. Bg1 Bd5 77. Ba7 Be6 78. Bg1 Ba2 79. Bh2 Be6 80. Bg3 Bd5 
81. Bc7 Bh1 82. Bh2 Bf3 83. Bb8 Bd5 84. Bh2 Bh1 85. Bf4 Bd5 86. Kd4 Bf3 
87. Kc3 Bc6 88. Bg5 Bd5 89. Kd4 Bc6 90. Be7 Bf3 91. Ke3 Bd5 92. Kd3 Bf3 
93. Kd4 Bg4 94. Bc5 Be2 95. Bd6 Bf3 96. Bc5 Bd1 97. Bb6 Kxb4 98. Ke5 Kb3 
99. Kf6 Kc3 100. Bd8 Kb4 101. Bb6 Kc3 102. Bg1 Kb3 103. Bc5 Kc4 104. Bg1 Kb5 
105. Bb6 Kc4 106. Bg1 Bc2 107. Bb6 Kb5 108. Kg5 Bd1 109. Kf6 Bc2 110. Bd8 Bd3 
111. Bb6 Bc2 1/2-1/2

[Event "Wednesday Jan 24 Engine Tour 15 Rd Swiss 12m+1s Starts at 1600hrs ST"]
[Site "Infinity Chess"]
[Date "2018.1.24"]
[Round "1"]
[White "ocirema"]
[Black "SkyPilot"]
[Result "1/2-1/2"]
[ECO "C77"]
[WhiteElo "2426"]
[BlackElo "2489"]
[WhiteEngine "stockfish_18012314_x64_modern_CTG"]
[BlackEngine "stockfish_x64_bmi2_2018_01_13_CTG"]
[EventType "Swiss"]
[WhiteTeam ""]
[BlackTeam ""]
[PlyCount "99"]
[TimeControl "720+1"]

1. e4 e5 2. Nf3 Nc6 3. Bb5 a6 4. Ba4 Nf6 5. O-O Be7 6. Re1 b5 7. Bb3 O-O 
8. a4 b4 9. d4 d6 10. dxe5 Nxe5 11. Nxe5 dxe5 12. Qe2 Bc5 13. Be3 Bd4 
14. Bxd4 Qxd4 15. Rd1 Qc5 16. Qc4 Qe7 17. Nd2 a5 18. Qe2 g6 19. Nf1 Bb7 
20. f3 Ba6 21. Qe1 Bxf1 22. Kxf1 Rab8 23. Qe3 Kg7 24. Bc4 Rfd8 25. c3 c5 
26. Rac1 h5 27. h4 Nh7 28. Qf2 Nf6 29. Qe3 Nh7 30. b3 Qxh4 31. Qxc5 Rxd1+ 
32. Rxd1 Qh1+ 33. Qg1 Qxg1+ 34. Kxg1 bxc3 35. Rc1 Rd8 36. Rxc3 Rd1+ 37. Kf2 Rd2+ 
38. Kg1 h4 39. Rd3 Rb2 40. Rd7 Ng5 41. Kf1 Rb1+ 42. Ke2 Rb2+ 43. Kf1 Rb1+ 
44. Ke2 Kf6 45. Ke3 Ne6 46. Rd6 Ke7 47. Rd5 Kf6 48. Rd6 Ke7 49. Rd5 Kf6 50. Rd6 
1/2-1/2

[Event "Wednesday Jan 24 Engine Tour 15 Rd Swiss 12m+1s Starts at 1600hrs ST"]
[Site "Infinity Chess"]
[Date "2018.1.24"]
[Round "1"]
[White "RonWeasley"]
[Black "Dovahkiin"]
[Result "1/2-1/2"]
[ECO "C12"]
[WhiteElo "2501"]
[BlackElo "2428"]
[WhiteEngine "BrainFish 130117_CTG"]
[BlackEngine "BrainFish_180113_x64_modern_CTG"]
[EventType "Swiss"]
[WhiteTeam ""]
[BlackTeam ""]
[PlyCount "107"]
[TimeControl "720+1"]

1. e4 e6 2. d4 d5 3. Nc3 Nf6 4. Bg5 Bb4 5. e5 h6 6. Bd2 Bxc3 7. bxc3 Ne4 
8. Qg4 Kf8 9. Bd3 Nxd2 10. Kxd2 c5 11. h4 Qa5 12. Rh3 cxd4 13. Rg3 Qxc3+ 
14. Ke2 Rg8 15. Re1 Nc6 16. Kf1 Qb4 17. Nf3 Ke8 18. Qf4 Bd7 19. Bh7 d3 
20. Qxb4 Nxb4 21. Bxg8 dxc2 22. Rc1 Ba4 23. Nd4 Nxa2 24. Rxc2 Bxc2 25. Nxc2 Rc8 
26. Nd4 Kf8 27. Bh7 Rc4 28. Nb5 Nb4 29. Nd6 Rc1+ 30. Ke2 Nc6 31. h5 Nxe5 
32. Ra3 g6 33. hxg6 fxg6 34. f4 Nc4 35. Nxc4 Rxc4 36. Bxg6 Rxf4 37. g3 Rb4 
38. Rxa7 Kg7 39. Bc2 h5 40. Kf3 Kf6 41. Bd1 Rb1 42. Be2 e5 43. Kf2 Rb2 
44. Ke1 Rb1+ 45. Kd2 Rb2+ 46. Kd1 Rb3 47. Bxh5 Rxg3 48. Rxb7 d4 49. Rb5 e4 
50. Rd5 Rg5 51. Rxg5 Kxg5 52. Bf7 e3 53. Bg8 d3 54. Bh7 1/2-1/2

[Event "Wednesday Jan 31 Engine Tour 9 Rd Swiss 12m+1s Starts at 1600hrs ST"]
[Site "Infinity Chess"]
[Date "2018.1.31"]
[Round "9"]
[White "ocirema"]
[Black "Dovahkiin"]
[Result "1/2-1/2"]
[ECO "C50"]
[WhiteElo "2412"]
[BlackElo "2360"]
[WhiteEngine "stockfish_18013111_x64_modern"]
[BlackEngine "BrainFish_180128_x64_modern_CTG"]
[EventType "Swiss"]
[WhiteTeam ""]
[BlackTeam ""]
[PlyCount "176"]
[TimeControl "720+1"]

1. e4 e5 2. Nf3 Nc6 3. Bc4 Bc5 4. O-O Nf6 5. d3 d6 6. c3 a5 7. Re1 O-O 
8. Nbd2 Be6 9. Bb5 h6 10. Nf1 Ne7 11. h3 Ng6 12. Ng3 c6 13. Ba4 b5 14. Bc2 a4 
15. d4 Bb6 16. Be3 Re8 17. b3 axb3 18. axb3 Rxa1 19. Qxa1 Qc7 20. b4 Qb7 
21. Qb1 Ra8 22. Bb3 Ra3 23. Bxe6 fxe6 24. Qc1 Qa7 25. Kh2 Ra2 26. Rf1 Kh7 
27. Qb1 Ra3 28. Qb2 Nd7 29. Qc1 Qa8 30. Qd1 Qe8 31. Qc2 Qa8 32. Nh5 Ra2 
33. Qb3 Ndf8 34. Qb1 Nd7 35. Qb3 Ndf8 36. Qd1 Qe8 37. Re1 Nd7 38. Ng3 Ra3 
39. Qc2 Qa8 40. Rc1 Nf6 41. Qe2 Qa7 42. Rc2 Nf4 43. Qd1 Ra1 44. Qd2 Ng6 
45. Qe2 Nf4 46. Qd2 Ng6 47. Qd3 Kg8 48. c4 Ra3 49. Rc3 Rxc3 50. Qxc3 exd4 
51. Nxd4 Qd7 52. cxb5 cxb5 53. Qd3 Bxd4 54. Bxd4 e5 55. Be3 Qc6 56. f3 d5 
57. exd5 Nxd5 58. Bd2 Ngf4 59. Qe4 Qe6 60. Qe1 Nd3 61. Qb1 N5f4 62. Qc2 Qd7 
63. Ne4 Kh8 64. Bc3 Qe6 65. Bd2 Qd7 66. h4 Kg8 67. Qb3+ Kh8 68. Qc2 Kg8 
69. Bxf4 Nxf4 70. g3 Nd3 71. h5 Qd5 72. Qc7 Qa2+ 73. Kh3 Qd5 74. Qb8+ Kh7 
75. Qe8 Ne1 76. Qg6+ Kh8 77. Qe8+ Kh7 78. Nf6+ gxf6 79. Qg6+ Kh8 80. Qxh6+ Kg8 
81. Qg6+ Kh8 82. Qxf6+ Kh7 83. Qg6+ Kh8 84. Qf6+ Kh7 85. Qe7+ Kh6 86. Qf8+ Kh7 
87. Qe7+ Kh6 88. Qf6+ Kh7 1/2-1/2

[Event "Wednesday Jan 31 Engine Tour 9 Rd Swiss 12m+1s Starts at 1600hrs ST"]
[Site "Infinity Chess"]
[Date "2018.1.31"]
[Round "9"]
[White "Cepri"]
[Black "ivrdurant"]
[Result "1/2-1/2"]
[ECO "C55"]
[WhiteElo "2426"]
[BlackElo "2385"]
[WhiteEngine "asmFishW_07N17_CTG"]
[BlackEngine "Raubfisch X37c_CTG"]
[EventType "Swiss"]
[WhiteTeam ""]
[BlackTeam ""]
[PlyCount "122"]
[TimeControl "720+1"]

1. e4 e5 2. Nf3 Nc6 3. Bc4 Nf6 4. d3 Bc5 5. O-O d6 6. c3 O-O 7. Nbd2 a5 
8. Re1 Be6 9. Bb5 Ne7 10. d4 Ba7 11. h3 Ng6 12. Ba4 c6 13. Bc2 Nh5 14. Nf1 Nhf4 
15. Ng3 f6 16. Nf5 d5 17. Be3 Qd7 18. dxe5 fxe5 19. Bxa7 Rxa7 20. Ng5 Bxf5 
21. exf5 Rxf5 22. Bxf5 Qxf5 23. Qg4 Qxg4 24. hxg4 e4 25. f3 h6 26. Nh3 Nxh3+ 
27. gxh3 Ne5 28. fxe4 Nf3+ 29. Kf1 Nxe1 30. Rxe1 dxe4 31. Rxe4 Kf7 32. Ke2 b5 
33. Ke3 Rd7 34. Re5 a4 35. Rc5 Rd1 36. Rxc6 Rb1 37. Rc7+ Kg6 38. b4 axb3 
39. axb3 Rxb3 40. Kf4 b4 41. Rc6+ Kf7 42. cxb4 Rxb4+ 43. Kf3 Rb3+ 44. Kg2 Rb2+ 
45. Kg3 Rb3+ 46. Kg2 g6 47. Rc7+ Ke6 48. h4 Rb2+ 49. Kf3 Kf6 50. h5 Rb3+ 
51. Kf4 g5+ 52. Ke4 Rb4+ 53. Kf3 Rb6 54. Ke2 Rb1 55. Rc6+ Ke5 56. Rxh6 Kf4 
57. Ra6 Rb2+ 58. Kd3 Kxg4 59. h6 Kf5 60. Ra7 Rb3+ 61. Kd4 Rb1 1/2-1/2

[Event "Wednesday Jan 31 Engine Tour 9 Rd Swiss 12m+1s Starts at 1600hrs ST"]
[Site "Infinity Chess"]
[Date "2018.1.31"]
[Round "9"]
[White "hafaba"]
[Black "CrapCleaner"]
[Result "1/2-1/2"]
[ECO "A00"]
[WhiteElo "2446"]
[BlackElo "2451"]
[WhiteEngine "SF_SL_FA_64BIT_POPCNT_CTG"]
[BlackEngine "Eman 1.68c 64-bit BMI2_CTG"]
[EventType "Swiss"]
[WhiteTeam ""]
[BlackTeam ""]
[PlyCount "81"]
[TimeControl "720+1"]

1. g3 d5 2. Nf3 Nf6 3. Bg2 c5 4. O-O e6 5. d4 cxd4 6. Nxd4 e5 7. Nf3 Nc6 
8. c4 d4 9. e3 Be7 10. exd4 exd4 11. Nbd2 Be6 12. a3 a5 13. Nb3 Bxc4 14. Re1 d3 
15. Be3 O-O 16. Rc1 Ba6 17. Nbd4 Nd5 18. Nxc6 bxc6 19. Bf1 Rb8 20. Bd4 c5 
21. Be5 Nc7 22. Rc3 Rxb2 23. Bxd3 Rb6 24. Qc2 g6 25. Bxa6 Rxa6 26. Rd3 Qc8 
27. Qd2 Re6 28. Qxa5 Qa6 29. Qxa6 Nxa6 30. Rd7 Ra8 31. Kf1 Bf8 32. Nd2 c4 
33. Nxc4 Rc6 34. Ne3 Nc5 35. Rd5 Rxa3 36. Rc1 Ra8 37. f4 Rcc8 38. g4 Ra3 
39. Nd1 Ra5 40. Nc3 Raa8 41. Rdd1 1/2-1/2

[Event "Wednesday Jan 31 Engine Tour 9 Rd Swiss 12m+1s Starts at 1600hrs ST"]
[Site "Infinity Chess"]
[Date "2018.1.31"]
[Round "9"]
[White "RonWeasley"]
[Black "Satria_Ungu"]
[Result "1/2-1/2"]
[ECO "C55"]
[WhiteElo "2464"]
[BlackElo "2372"]
[WhiteEngine "BrainFish 060118_CTG"]
[BlackEngine "Houdini 6_CTG"]
[EventType "Swiss"]
[WhiteTeam ""]
[BlackTeam ""]
[PlyCount "224"]
[TimeControl "720+1"]

1. e4 e5 2. Nf3 Nc6 3. Bc4 Nf6 4. d3 Bc5 5. c3 d6 6. Bb3 O-O 7. O-O h6 
8. Nbd2 a5 9. h3 Bb6 10. Re1 Be6 11. Ba4 Qb8 12. Nf1 Qa7 13. Re2 Rad8 
14. Ng3 Ne7 15. Bd2 Ng6 16. Qc1 Kh7 17. Bc2 d5 18. exd5 Bxd5 19. Nf5 Bxf3 
20. gxf3 Ng8 21. h4 h5 22. Qf1 Qa6 23. Rae1 Rxd3 24. Bg5 Kh8 25. Qh3 Qc4 
26. Bxd3 Qxd3 27. Rd2 Qc4 28. Kg2 Kh7 29. Rg1 Nf4+ 30. Bxf4 Qxf4 31. Rgd1 g6 
32. Ng3 Nf6 33. Re2 Qa4 34. Rdd2 Qe8 35. Ne4 Nxe4 36. fxe4 Bc5 37. Qd7 Bd6 
38. Qxe8 Rxe8 39. a4 Kg7 40. Rd1 Kf6 41. f3 Rd8 42. Kg3 Ke6 43. Rd5 b6 
44. b3 Ra8 45. Rd3 Rg8 46. Rc2 Rd8 47. Rdd2 Rg8 48. Rd1 Ra8 49. Kh3 Be7 
50. Re2 Bd6 51. Rd5 f6 52. Kg3 Be7 53. Red2 Bd6 54. R5d3 Rb8 55. Rd1 g5 
56. Rh1 Rh8 57. Kg2 Bc5 58. Rh3 Be7 59. Rd1 gxh4 60. Rxh4 f5 61. Rhh1 Bc5 
62. Rh3 h4 63. exf5+ Kxf5 64. Rd7 c6 65. Kf1 b5 66. Ke2 Ke6 67. Rc7 bxa4 
68. bxa4 Kd5 69. Rg7 Bb6 70. Kd3 Bd8 71. Rh1 Bb6 72. Rh2 Rh6 73. Rh3 Rh8 
74. Rh1 Rh5 75. Rg2 Rh7 76. Rg6 Bc7 77. Rh3 Bd8 78. Rg8 Bc7 79. Ke3 Bb6+ 
80. Kd2 Bf2 81. Rg2 Bc5 82. Rg8 Bf2 83. Rh2 Bc5 84. Kc2 Rh6 85. Kd3 Bb6 
86. Rhg2 Rf6 87. Ke2 h3 88. Rh2 Kc4 89. Rxh3 Kxc3 90. Re8 Bd4 91. f4+ Kc4 
92. fxe5 Rf2+ 93. Ke1 Ra2 94. e6 Rxa4 95. Rh6 Ra1+ 96. Ke2 Ra3 97. e7 Re3+ 
98. Kd2 c5 99. Rh1 Rd3+ 100. Kc1 Re3 101. Rh4 Kd3 102. Kd1 Kc3 103. Rh2 Kc4 
104. Rc2+ Bc3 105. Re2 Rxe2 106. Kxe2 Bf6 107. Kf3 a4 108. Ke4 a3 109. Ra8 Bxe7 
110. Rxa3 Bf6 111. Ra4+ Kb3 112. Ra5 Kc4 1/2-1/2

[Event "Wednesday Jan 31 Engine Tour 9 Rd Swiss 12m+1s Starts at 1600hrs ST"]
[Site "Infinity Chess"]
[Date "2018.1.31"]
[Round "9"]
[White "MarioDeMonti"]
[Black "Vimtiroba"]
[Result "1/2-1/2"]
[ECO "C53"]
[WhiteElo "2468"]
[BlackElo "2458"]
[WhiteEngine "stockfish_x64_bmi2_2018_01_23_CTG"]
[BlackEngine "SF@J30 cc_CTG"]
[EventType "Swiss"]
[WhiteTeam ""]
[BlackTeam ""]
[PlyCount "102"]
[TimeControl "720+1"]

1. e4 e5 2. Nf3 Nc6 3. Bc4 Bc5 4. c3 Nf6 5. d3 d6 6. O-O a5 7. Re1 O-O 
8. Nbd2 Ba7 9. h3 Be6 10. Bb5 Ne7 11. d4 Ng6 12. Ba4 Nh5 13. Nf1 c6 14. Bc2 Nhf4 
15. Ng3 f6 16. Be3 d5 17. exd5 Bxd5 18. Nf5 exd4 19. Bxf4 Nxf4 20. N3xd4 Kh8 
21. Qg4 g5 22. g3 h5 23. Qd1 Nxh3+ 24. Kh2 g4 25. f4 Re8 26. Qd3 Nf2 27. Qf1 Ne4 
28. Rad1 b5 29. Nxc6 Bxc6 30. Rxd8 Raxd8 31. Bxe4 Rxe4 32. Nd4 Bxd4 
33. Rxe4 Bxe4 34. cxd4 Rxd4 35. Qxb5 Kg7 36. Qxh5 Rd2+ 37. Kg1 Rg2+ 38. Kf1 Rxg3 
39. Qxa5 Rf3+ 40. Ke1 g3 41. Qc7+ Kg6 42. Qc8 f5 43. Qe8+ Kf6 44. Qd8+ Kg7 
45. Qe7+ Kg6 46. Qh4 g2 47. Qg5+ Kf7 48. Qh5+ Ke7 49. Qg5+ Kf7 50. Qh5+ Ke7 
51. Qg5+ Kf7 1/2-1/2